 Dungeon Crawl Stone Soup version 0.23.2-1-ga50397a (webtiles) character file.

Game seed: 14281161613863884761

123 troglodite the Conjurer (level 4, -4/35 HPs)
             Began as a Demigod Conjurer on May 15, 2019.
             Slain by an orc
             ... wielding a +0 flail
              (10 damage)
             ... on level 2 of the Dungeon.
             The game lasted 00:07:39 (1768 turns).

troglodite the Conjurer (Demigod Conjurer)          Turns: 1768, Time: 00:07:40

Health: -4/35      AC:  2    Str: 13    XL:     4   Next: 52%
Magic:  5/10       EV: 13    Int: 19    God:
Gold:   131        SH:  0    Dex: 16    Spells: 4/7 levels left

rFire    . . .     SeeInvis .   j - +0 mace (protect)
rCold    . . .     Gourm    .   (no shield)
rNeg     . . .     Faith    .   a - +0 robe
rPois    .         Spirit   .   (no helmet)
rElec    .         Reflect  .   (no cloak)
rCorr    .         Harm     .   (no gloves)
MR       .....                  (no boots)
Stlth    ++........             (no amulet)
HPRegen  0.11/turn              (no ring)
MPRegen  0.12/turn              (no ring)

@: no status effects
A: high mp 1
a: no special abilities


You were on level 2 of the Dungeon.
You were not hungry.

You visited 1 branch of the dungeon, and saw 3 of its levels.

You collected 131 gold pieces.

Inventory:

Hand Weapons
 j - a +0 mace of protection (weapon)
Armour
 a - a +0 robe (worn)
Scrolls
 d - a scroll of random uselessness {unknown}
 f - 3 scrolls of amnesia {unknown}
 g - a scroll of enchant weapon {unknown}
Potions
 e - a potion of heal wounds {unknown}
 i - a potion of curing {unknown}
Comestibles
 c - 6 rations


   Skills:
 * Level 1.1 Fighting
 * Level 0.3 Maces & Flails
 * Level 2.1 Dodging
 * Level 2.2 Stealth
 * Level 2.2 Spellcasting
 * Level 4.8 Conjurations


You had 4 spell levels left.
You knew the following spells:

 Your Spells              Type           Power        Failure   Level  Hunger
a - Magic Dart            Conj           ###.         2%          1    #......
b - Searing Ray           Conj           ###...       3%          2    ##.....

Your spell library contained the following spells:

 Spells                   Type           Power        Failure   Level  Hunger
 Dazzling Spray           Conj/Hex       ##....       19%         3    ###....
 Iskenderun's Mystic Bla  Conj           ###.....     22%         4    #####..
 Force Lance              Conj/Tloc      ##......     52%         4    #####..
 Fulminant Prism          Conj/Hex       ##........   52%         4    #####..


Dungeon Overview and Level Annotations

Branches:
Dungeon (3/15)


Innate Abilities, Weirdness & Mutations

You have an increased reservoir of magic. (+10% MP)


Message History

The orc shouts!
You hear a shout!
The orc misses you. The orc hits you with a +0 dagger.
An orc priest comes into view. It is wielding a +0 war axe.
The searing ray hits the orc wizard!
The orc wizard is severely wounded.
The orc wizard hits you but does no damage.
The orc hits you with a +0 flail! The orc hits you with a +0 dagger.
The searing ray hits the orc wizard!
You kill the orc wizard!
The orc hits you. The orc hits you with a +0 dagger.
The orc hits you with a +0 flail.
* * * LOW HITPOINT WARNING * * *
The orc completely misses you. The orc closely misses you.
You climb upwards.
There is a stone staircase leading down here.
You closely miss the orc. The orc closely misses you. x2
The orc hits you with a +0 dagger.
* * * LOW HITPOINT WARNING * * *
The orc hits you with a +0 flail!
You die...

####...####.#.##.
###.....#####.#.##. #############
#....####.....#.#..
............###.#.#####.#####.#.#
###########.....#.........# #.#.#
###### #####............# #.#.#
.....# ##................###.#.#
.....####..###.)o...............#
................@#........###...#
.....###.####...oo........# #.#.#
.........# ##..###........###.#.#
.......)####...###........##..#.#
....<##..........#.####......##.#
.....#......#......# ##.......#.#
#####..####.#[###..###..........#
###..#>....#.# #................
#...###......###.#............#.


You could see 3 orcs.

Vanquished Creatures
  Terence (D:3)
  An orc wizard (D:3)
  2 adders (D:2)
  An ooze (D:2)
  3 dart slugs
  A leopard gecko (D:2)
  2 giant cockroaches (D:1)
  6 hobgoblins
  2 quokkas
  8 bats
  2 frilled lizards
  4 goblins
  7 kobolds
  8 rats
48 creatures vanquished.

Notes
Turn   | Place    | Note
-------+----------+-------------------------------------------
     0 | D:1      | troglodite the Demigod Conjurer began the quest for the
                  | Orb.
     0 | D:1      | Reached XP level 1. HP: 14/14 MP: 5/5
   245 | D:1      | Reached XP level 2. HP: 22/22 MP: 2/7
   256 | D:1      | Reached skill level 4 in Conjurations
   473 | D:1      | Learned a level 2 spell: Searing Ray
   689 | D:2      | Found a faded altar of an unknown god.
   699 | D:2      | Reached XP level 3. HP: 27/27 MP: 2/8
  1461 | D:3      | Noticed Terence
  1565 | D:3      | Killed Terence
  1565 | D:3      | Reached skill level 1 in Fighting
  1565 | D:3      | Reached XP level 4. HP: 17/35 MP: 2/9
  1768 | D:2      | Slain by an orc

Skill      XL: |  1  2  3 |
---------------+----------+-----
Conjurations   | 4 |  4.8
Stealth        | 2 |  2.2
Dodging        | 2 |  2.1
Spellcasting   | 2 |  2.2
Fighting       | 1 |  1.1
Maces & Flails | |  0.3

Action                   |  1- 3 |  4- 6 || total
-------------------------+-------+-------++-------
Melee: Mace              |     9 |     2 ||    11
       Unarmed           |     5 |       ||     5
       Dagger            |     4 |       ||     4
 Cast: Magic Dart        |   109 |       ||   109
       Searing Ray       |       |     1 ||     1
  Eat: Chunk             |     3 |     1 ||     4
Armor: Robe              |     5 |     2 ||     7
Dodge: Dodged            |    27 |     9 ||    36
